 Dungeon Crawl Stone Soup version 0.30-a0-1053-gbd8d5ba0ad (webtiles) character file.

Game seed: 1492677577197214716

0 qeuew the Trooper (level 1, -1/18 HPs)
             Began as a Demonspawn Chaos Knight on Apr 11, 2023.
             Was a Plaything of Xom.
             Frozen to death by an endoplasm (4 damage)
             ... on level 1 of the Dungeon.
             The game lasted 00:00:10 (64 turns).

qeuew the Trooper (Demonspawn Chaos Knight)           Turns: 64, Time: 00:00:11

Health: -1/18      AC:  5    Str: 12    XL:     1   Next: 8%
Magic:  1/1        EV: 11    Int: 13    God:    Xom [..*...]
Gold:   0          SH:  0    Dex: 12    Spells: 0/0 levels left

rFire   . . .      SeeInvis .    a - +0 mace (chaos)
rCold   . . .      Faith    .    (no shield)
rNeg    . . .      Spirit   .    b - +2 leather armour
rPois   .          Reflect  .    (no helmet)
rElec   .          Rampage  .    (no cloak)
rCorr   .                        (no gloves)
Will    .....                    (no boots)
Stlth   +                        (no amulet)
HPRegen 0.23/turn                (no ring)
MPRegen 0.07/turn                (no ring)

@: no status effects
A: no striking features
a: Renounce Religion


You were on level 1 of the Dungeon.
You worshipped Xom.
You were a toy of Xom.
You visited 1 branch of the dungeon, and saw 1 of its levels.

Inventory:

Hand Weapons
 a - a +0 mace of chaos (weapon)
Armour
 b - a +2 leather armour (worn)
Scrolls
 d - a scroll of fog {unknown}
Miscellaneous
 c - a piece from Xom's chessboard (15/15) (quivered)


   Skills:
 + Level 3.0 Fighting
 + Level 2.7 Maces & Flails
 + Level 1.7 Armour
 + Level 0.8 Dodging
 + Level 0.0 Evocations


You couldn't memorise any spells.
You didn't know any spells.
Your spell library was empty.

Dungeon Overview and Level Annotations

Branches:
Dungeon (1/15)

Altars:


Message History

The kobold shouts!
The goblin shouts!
The hobgoblin shouts!
The kobold moves out of view.
You barely miss the rat. The rat bites you but does no damage.
You hit the kobold.
You kill the kobold!
The rat bites you but does no damage.
You closely miss the rat. The hobgoblin hits you.
The rat bites you but does no damage.
You barely miss the endoplasm. The endoplasm freezes you.
You are frozen.
The hobgoblin hits you. The goblin barely misses you. The rat bites you.
A rat comes into view.
The goblin hits you but does no damage. The endoplasm hits you.
The rat barely misses you. The hobgoblin hits you.
You are too injured to fight recklessly!
You are too injured to fight recklessly!
You are too injured to fight recklessly!
You are too injured to fight recklessly!
Unknown command.
You hit the endoplasm.
The endoplasm suddenly seems more resistant.
The endoplasm is heavily wounded.
The endoplasm hits you but does no damage.
The goblin barely misses you.
The hobgoblin hits you but does no damage.
The rat bites you.
* * * LOW HITPOINT WARNING * * *
You aren't carrying any potions.
You hit the endoplasm but do no damage.
The endoplasm is heavily wounded.
The endoplasm misses you. The goblin hits you with a +0 club.
* * * LOW HITPOINT WARNING * * *
The hobgoblin barely misses you. The rat barely misses you.
Unknown command.
You hit the endoplasm.
The endoplasm is almost dead.
The endoplasm freezes you.
You are frozen.
You die...

.........
#?.......
###....?...
..........
#.........
#...>.....
####)rg......
#..$J@g..r...
#............
#...........#
#..?....#####
#.......#
#.......#
#.......#
#####.###


You could see an endoplasm (resistant), a hobgoblin, a goblin and 2 rats.

Vanquished Creatures
  A kobold (D:1)
1 creature vanquished.

Notes
Turn   | Place    | Note
-------+----------+-------------------------------------------
     0 | D:1      | qeuew the Demonspawn Chaos Knight began the quest for the
                  | Orb.
     0 | D:1      | Reached XP level 1. HP: 18/18 MP: 1/1
    64 | D:1      | Frozen to death by an endoplasm

Illustrated notes

Levels and vault maps discovered:
D:1:      matt_arrival_spirals, layout_rooms, serial_shops, shop

Action                     || total
---------------------------++-------
  Melee: Mace              ||     7
 Armour: Leather armour    ||     6
  Dodge: Dodged            ||     6

Table legend: (Time is in decaauts)
 A = Elapsed time spent in this place.
 B = Non-inter-level travel time spent in this place.
 C = Inter-level travel time spent in this place.
 D = Time resting spent in this place.
 E = Time spent auto-exploring this place.
 F = Levels seen in this place.
 G = Mean time per level.
                   A        B        C        D        E       F      G
               +--------+--------+--------+--------+--------+-----+--------+
         Total |     65 |     65 |      0 |      0 |     56 |   1 |   65.0 |
       Dungeon |     65 |     65 |      0 |      0 |     56 |   1 |   65.0 |
               +--------+--------+--------+--------+--------+-----+--------+

Top non-repeatable levels by time:
     D:1: 65 daAuts
